 Dungeon Crawl Stone Soup version bcrawl-1.19.1 (webtiles) character file.

Game seed: 13597527534935662511

1322 Freyura the Cudgeler (level 8, -3/48 HPs)
             Began as a Skeleton Fighter on Nov 27, 2019.
             Was a Priest of Makhleb.
             Slain by an orc warrior
             ... wielding a +0 mace
              (10 damage)
             ... on level 6 of the Dungeon.
             The game lasted 00:17:05 (5230 turns).

Freyura the Cudgeler (Skeleton Fighter)             Turns: 5230, Time: 00:17:06

Health: -3/48      AC: 14    Str: 23      XL:     8   Next: 33%
Magic:  0/19       EV:  8    Int:  6 (7)  God:    Makhleb [***...]
Gold:   489        SH: 10    Dex: 10      Spells: 7/7 levels left

rFire    . . .     SeeInvis .   a - +0 flail
rCold    + . .     Gourm    .   c - +0 shield
rNeg     + + +     Faith    +   g - +0 chain mail
rPois    ∞         Spirit   +   j - +1 helmet
rElec    .         Reflect  .   i - +0 cloak
rCorr    .         Harm     .   l - +0 pair of gloves
MR       +....                  (no boots)
Stlth    ..........             h - amulet of faith
HPRegen  0.16/turn              m - ring of magical power
MPRegen  0.16/turn              (no ring)

@: no status effects
A: no food or potions, cold resistance 1, deterioration 1, negative energy
resistance 3, powered by death 1, torment resistance, unbreathing, magic shield,
sturdy frame 1, spell healing
a: Minor Destruction, Lesser Servant of Makhleb, Renounce Religion


You were on level 6 of the Dungeon.
You worshipped Makhleb.
Makhleb was most pleased with you.
You were not hungry.

You visited 1 branch of the dungeon, and saw 6 of its levels.

You collected 489 gold pieces.

Inventory:

Hand Weapons
 a - a +0 flail (weapon)
Armour
 b - a +0 scale mail
 c - a +0 shield (worn)
 g - a +0 chain mail (worn)
 i - a +0 cloak (worn)
 j - a +1 helmet (worn)
 l - a +0 pair of gloves (worn)
Jewellery
 h - an amulet of faith (around neck)
 m - a ring of magical power (left hand)
Scrolls
 d - 7 scrolls of remove curse
 e - a scroll of fog
 f - 3 scrolls of teleportation
 k - 2 scrolls of fear
 n - a scroll of immolation
 o - 3 scrolls of amnesia
 p - a scroll of identify


   Skills:
 + Level 4.7 Fighting
 * Level 7.0 Maces & Flails
 + Level 5.2 Armour
 + Level 3.7 Dodging
 + Level 6.0 Shields
 + Level 2.9 Invocations


You had 7 spell levels left.
You didn't know any spells.
Your spell library contained the following spells:

 Spells                   Type           Power        Failure   Level  Hunger
 Corona                   Hex            #......      100%        1    N/A
 Ensorcelled Hibernation  Hex/Ice        #.....       100%        2    N/A
 Confuse                  Hex            #.......     100%        3    N/A
 Dazzling Spray           Conj/Hex       #.....       100%        3    N/A
 Tukima's Dance           Hex            #.......     100%        3    N/A

Dungeon Overview and Level Annotations

Branches:
Dungeon (6/12)
 Temple: D:4-7

Altars:
Ashenzari
Kikubaaqudgha
Makhleb
Okawaru


Innate Abilities, Weirdness & Mutations

You do not eat or drink.
You are immune to poison.
Your flesh is cold resistant. (rC+)
Your body sometimes deteriorates upon taking damage.
You are immune to negative energy. (rN+++)
You regenerate a little health from kills.
You are immune to unholy pain and torment.
You can survive without breathing.
When hurt, damage is shared between your health and your magic reserves.
Your movements are slightly less encumbered by armour. (ER -2)
Casting spells heals you.


Message History

You hit the orc warrior.
The orc warrior is moderately wounded.
You block the orc warrior's attack.
You hit the orc warrior but do no damage.
The orc warrior is moderately wounded.
The orc warrior hits you with a +0 mace!
* * * LOW HITPOINT WARNING * * *
You closely miss the orc warrior.
The orc warrior is moderately wounded.
You block the orc warrior's attack.
You sock the orc warrior!
The orc warrior is severely wounded.
You block the orc warrior's attack.
You sock the orc warrior!
The orc warrior is almost dead.
You block the orc warrior's attack.
You closely miss the orc warrior.
The orc warrior is almost dead.
The orc warrior hits you with a +0 mace!
You die...

#..... #..... #....(
#....# #....#
############# #....#
........#...#######....#
........'........#......
......o@#........'......
......))#........#......
........#........#......
........################
#########


You could see an orc warrior.

Vanquished Creatures
  A hornet (D:4)
  A hippogriff (D:4)
  An ice beast (D:5)
  A sky beast (D:3)
  An ogre (D:4)
  A centaur (D:5)
  A howler monkey (D:5)
  A crimson imp (D:5)
  3 hounds (D:4)
  An orc wizard (D:4)
  An orc priest (D:6)
  A bullfrog skeleton (D:5)
  An iguana (D:4)
  5 worker ants
  2 hound skeletons
  A worker ant zombie (D:5)
  Robin (D:4)
  2 gnolls (D:2)
  4 adders
  An adder skeleton (D:4)
  2 worms
  2 dart slugs
  6 leopard geckos
  12 orcs
  A ball python (D:2)
  A giant cockroach (D:2)
  17 hobgoblins
  10 jackals
  8 kobolds
  5 quokkas
  6 bats
  4 frilled lizards
  7 goblins
  A quokka skeleton (D:5)
  7 rats
120 creatures vanquished.

Notes
Turn   | Place    | Note
-------+----------+-------------------------------------------
     0 | D:1      | Freyura the Skeleton Fighter began the quest for the Orb.
     0 | D:1      | Reached XP level 1. HP: 14/14 MP: 1/1
   406 | D:1      | Reached XP level 2. HP: 19/19 MP: 2/2
   532 | D:1      | Reached skill level 3 in Maces & Flails
   709 | D:1      | Reached XP level 3. HP: 23/23 MP: 3/3
   906 | D:2      | Reached skill level 1 in Dodging
   914 | D:2      | Found a burning altar of Makhleb.
   928 | D:2      | Became a worshipper of Makhleb the Destroyer
  1122 | D:2      | Reached XP level 4. HP: 21/28 MP: 2/4
  1270 | D:2      | Found a shattered altar of Ashenzari.
  1514 | D:2      | Found an iron altar of Okawaru.
  1529 | D:2      | Reached skill level 4 in Maces & Flails
  2038 | D:3      | Noticed a sky beast
  2060 | D:3      | Killed a sky beast
  2060 | D:3      | Reached skill level 1 in Invocations
  2060 | D:3      | Reached XP level 5. HP: 8/32 MP: 2/5
  2574 | D:3      | Reached * piety under Makhleb
  2924 | D:4      | Gained mutation: You regenerate a little health from kills.
                  | [Skeleton growth]
  2924 | D:4      | Reached XP level 6. HP: 34/37 MP: 6/6
  3014 | D:4      | Reached skill level 5 in Maces & Flails
  3275 | D:4      | Reached skill level 5 in Shields
  3288 | D:4      | Reached XP level 7. HP: 42/42 MP: 8/8
  3449 | D:4      | Reached ** piety under Makhleb
  3456 | D:4      | Found an ancient bone altar of Kikubaaqudgha.
  3524 | D:4      | Noticed a hippogriff
  3539 | D:4      | Killed a hippogriff
  3756 | D:4      | Noticed a hornet
  3767 | D:4      | Noticed Robin
  3773 | D:4      | Killed a hornet
  3773 | D:4      | Reached skill level 6 in Maces & Flails
  3780 | D:4      | Killed Robin
  4114 | D:5      | Entered Level 5 of the Dungeon
  4194 | D:5      | Reached skill level 5 in Armour
  4194 | D:5      | Reached XP level 8. HP: 48/48 MP: 9/9
  5158 | D:6      | Reached skill level 7 in Maces & Flails
  5216 | D:6      | Reached *** piety under Makhleb
  5230 | D:6      | Slain by an orc warrior

Skill      XL: |  1  2  3  4  5  6  7  8 |
---------------+-------------------------+-----
Maces & Flails | 3 4 5 6 7 |  7.0
Dodging        | 1 2 3 |  3.7
Shields        | 4 5 6 |  6.0
Armour         | 4 5 |  5.2
Invocations    | 1 2 |  2.9
Fighting       | 4 |  4.7

Action                   |  1- 3 |  4- 6 |  7- 9 || total
-------------------------+-------+-------+-------++-------
Melee: Flail             |   124 |   249 |   199 ||   572
  Use: Scroll            |       |     6 |     1 ||     7
Armor: Scale mail        |    61 |   107 |    44 ||   212
       Chain mail        |       |       |    24 ||    24
Dodge: Dodged            |    55 |    87 |    69 ||   211
Block: Shield            |    73 |   130 |   127 ||   330
